PCL
LAS VEGAS STARS @ SANTA MONICA BRUINS
09/05/2027
 
TOP OF THE 1ST
Las Vegas Stars batting - Pitching for Santa Monica Bruins : RHP Mario Chávez
Pitching: RHP Mario Chávez
Batting: SHB Héctor Barajas 0-0: Ball
1-0: Ball
2-0: Ball
3-0: Base on Balls
Batting: SHB Sloan James 0-0: Ball
1-0: Fly out, F8 (Flyball, 89S)
Batting: RHB Tom Howe 0-0: Called Strike
0-1: Foul Ball, location: 2F
0-2: SINGLE (Line Drive, 7S)
Héctor Barajas to second
Batting: RHB Kyle Bacon 0-0: Ball
1-0: Fly out, F9 (Line Drive, 9S)
Batting: RHB Brian George 0-0: Ball
1-0: Fly out, F5 (Line Drive, 5)
Top of the 1st over - 0 run(s), 1 hit(s), 0 error(s), 2 left on base; Las Vegas 0 - Santa Monica 0
BOTTOM OF THE 1ST
Santa Monica Bruins batting - Pitching for Las Vegas Stars : RHP Dema Mitenkov
Pitching: RHP Dema Mitenkov
Batting: LHB Francisco Medina 0-0: Called Strike
0-1: Called Strike
0-2: SINGLE (Line Drive, 89S)
Batting: LHB Morgan Wright 0-0: Ball
1-0: Foul Ball, location: 2F
1-1: Grounds into double play, 6-4-3 (Groundball, 6M)
Batting: RHB Phil White 0-0: Foul Ball, location: 2F
0-1: Swinging Strike
0-2: Foul Ball, location: 2F
0-2: Strikes out looking
Bottom of the 1st over - 0 run(s), 1 hit(s), 0 error(s), 0 left on base; Las Vegas 0 - Santa Monica 0
TOP OF THE 2ND
Las Vegas Stars batting - Pitching for Santa Monica Bruins : RHP Mario Chávez
Batting: SHB Júlio Salazar 0-0: Ball
1-0: Called Strike
1-1: Ball
2-1: SINGLE (Flyball, 7S)
Batting: LHB Diego Torres 0-0: Called Strike
0-1: Ball
1-1: Ball
2-1: Called Strike
2-2: Foul Ball, location: 2F
2-2: Foul Ball, location: 2F
2-2: Foul Ball, location: 2F
2-2: Fly out, F8 (Flyball, 8RD)
Batting: LHB Paco Rivera 0-0: Ball
1-0: Foul Ball, location: 2F
1-1: Swinging Strike
1-2: Ball
2-2: Ball
3-2: Base on Balls
Júlio Salazar to second
Batting: RHB Ryan McBride 0-0: Called Strike
0-1: Fly out, F7 (Flyball, 7)
Batting: SHB Héctor Barajas 0-0: Foul Ball, location: 2F
0-1: Ball
1-1: Foul Ball, location: 2F
1-2: Fly out, F9 (Flyball, 89S)
Top of the 2nd over - 0 run(s), 1 hit(s), 0 error(s), 2 left on base; Las Vegas 0 - Santa Monica 0
BOTTOM OF THE 2ND
Santa Monica Bruins batting - Pitching for Las Vegas Stars : RHP Dema Mitenkov
Batting: RHB Salvador Salas 0-0: Ball
1-0: Ball
2-0: Ground out 3-1 (Groundball, 34)
Batting: RHB Johnny Williams 0-0: SINGLE (Groundball, 4MD)
Batting: SHB Adrián Nieto 0-0: Swinging Strike
Johnny Williams is caught stealing 2nd base
0-1: Swinging Strike
0-2: Ground out 4-3 (Groundball, 34)
Bottom of the 2nd over - 0 run(s), 1 hit(s), 0 error(s), 0 left on base; Las Vegas 0 - Santa Monica 0
TOP OF THE 3RD
Las Vegas Stars batting - Pitching for Santa Monica Bruins : RHP Mario Chávez
Batting: SHB Sloan James 0-0: Ball
1-0: Ball
2-0: Ball
3-0: Called Strike
3-1: Base on Balls
Batting: RHB Tom Howe 0-0: Swinging Strike
0-1: Ball
1-1: Ball
2-1: Ball
3-1: Foul Ball, location: 2F
3-2: Foul Ball, location: 2F
3-2: Strikes out looking
Batting: RHB Kyle Bacon 0-0: Called Strike
0-1: Ball
1-1: Ball
2-1: Foul Ball, location: 2F
2-2: Ball
3-2: Fly out, F7 (Flyball, 7)
Batting: RHB Brian George 0-0: Called Strike
0-1: Ball
1-1: Ball
2-1: Ball
3-1: Called Strike
3-2: Base on Balls
Sloan James to second
Batting: SHB Júlio Salazar 0-0: SINGLE (Line Drive, 34D)
Sloan James to third
Brian George to second
Batting: LHB Diego Torres 0-0: Ball
1-0: Ball
2-0: DOUBLE (Flyball, 7LM)
Sloan James scores
Brian George scores
Júlio Salazar to third
Runner from 3rd tries for Home, throw and OUT!
Top of the 3rd over - 2 run(s), 2 hit(s), 0 error(s), 1 left on base; Las Vegas 2 - Santa Monica 0
BOTTOM OF THE 3RD
Santa Monica Bruins batting - Pitching for Las Vegas Stars : RHP Dema Mitenkov
Batting: RHB Shizue Chouda 0-0: Foul Ball, location: 2F
0-1: Ball
1-1: Foul Ball, location: 2F
1-2: Strikes out swinging
Batting: LHB Ramiro Martínez 0-0: Ball
1-0: Ball
2-0: Ball
3-0: Called Strike
3-1: Ground out 4-3 (Groundball, 4)
Batting: RHB Bonifacio Torres 0-0: Ball
1-0: Ball
2-0: Called Strike
2-1: Ball
3-1: Called Strike
3-2: SINGLE (Line Drive, 4D)
Batting: LHB Francisco Medina 0-0: Called Strike
0-1: Fly out, F7 (Flyball, 7S)
Bottom of the 3rd over - 0 run(s), 1 hit(s), 0 error(s), 1 left on base; Las Vegas 2 - Santa Monica 0
TOP OF THE 4TH
Las Vegas Stars batting - Pitching for Santa Monica Bruins : RHP Mario Chávez
Batting: LHB Paco Rivera 0-0: Ground out U3 (Groundball, 3L)
Batting: RHB Ryan McBride 0-0: Ground out 6-3 (Groundball, 56)
Batting: SHB Héctor Barajas 0-0: Called Strike
0-1: Foul Ball, location: 2F
0-2: Strikes out looking
Top of the 4th over - 0 run(s), 0 hit(s), 0 error(s), 0 left on base; Las Vegas 2 - Santa Monica 0
BOTTOM OF THE 4TH
Santa Monica Bruins batting - Pitching for Las Vegas Stars : RHP Dema Mitenkov
Batting: LHB Morgan Wright 0-0: Called Strike
0-1: Ball
1-1: Swinging Strike
1-2: Fly out, F9 (Flyball, 9LSF)
Batting: RHB Phil White 0-0: Ball
1-0: Ball
2-0: Ball
3-0: Base on Balls
Batting: RHB Salvador Salas 0-0: Called Strike
Phil White steals 2nd base
0-1: Fly out, F9 (Flyball, 9LM)
Batting: RHB Johnny Williams 0-0: Foul Ball, location: 2F
0-1: Foul Ball, location: 2F
0-2: Ball
1-2: Ball
2-2: Foul Ball, location: 2F
2-2: Ball
3-2: Foul Ball, location: 2F
3-2: SINGLE (Line Drive, 9LS)
Phil White to third
Phil White scores
Batting: SHB Adrián Nieto 0-0: Ball
1-0: Foul Ball, location: 2F
1-1: Fly out, F8 (Flyball, 8LM)
Bottom of the 4th over - 1 run(s), 1 hit(s), 0 error(s), 1 left on base; Las Vegas 2 - Santa Monica 1
TOP OF THE 5TH
Las Vegas Stars batting - Pitching for Santa Monica Bruins : RHP Mario Chávez
Batting: SHB Sloan James 0-0: Ground out 4-3 (Groundball, 4M)
Batting: RHB Tom Howe 0-0: Called Strike
0-1: Ball
1-1: Ball
2-1: Swinging Strike
2-2: SINGLE (Line Drive, 78M)
Batting: RHB Kyle Bacon 0-0: Ball
1-0: Ball
2-0: Called Strike
2-1: Foul Ball, location: 2F
2-2: Ball
3-2: Strikes out swinging
Tom Howe is caught stealing 2nd base
Batter strikes out.
Top of the 5th over - 0 run(s), 1 hit(s), 0 error(s), 0 left on base; Las Vegas 2 - Santa Monica 1
BOTTOM OF THE 5TH
Santa Monica Bruins batting - Pitching for Las Vegas Stars : RHP Dema Mitenkov
Batting: RHB Shizue Chouda 0-0: Called Strike
0-1: Ball
1-1: Foul Ball, location: 2F
1-2: Ball
2-2: Foul Ball, location: 2F
2-2: Strikes out swinging
Batting: LHB Ramiro Martínez 0-0: Ball
1-0: Ball
2-0: Called Strike
2-1: Ground out 4-3 (Groundball, 4)
Batting: RHB Bonifacio Torres 0-0: Fly out, F7 (Flyball, 7D)
Bottom of the 5th over - 0 run(s), 0 hit(s), 0 error(s), 0 left on base; Las Vegas 2 - Santa Monica 1
TOP OF THE 6TH
Las Vegas Stars batting - Pitching for Santa Monica Bruins : RHP Mario Chávez
Batting: RHB Brian George 0-0: Called Strike
0-1: Called Strike
0-2: Strikes out swinging
Batting: SHB Júlio Salazar 0-0: Ground out U3 (Groundball, 3)
Batting: LHB Diego Torres 0-0: Called Strike
0-1: DOUBLE (Flyball, 78D)
Batting: LHB Paco Rivera 0-0: Intentional Walk
Batting: RHB Ryan McBride 0-0: Ball
1-0: Ball
2-0: Ball
3-0: Called Strike
3-1: 3-RUN HOME RUN (Flyball, 7D), Distance : 367 ft
Pitching: RHP Carlos Rangel
Batting: SHB Héctor Barajas 0-0: Called Strike
0-1: Ball
1-1: Ball
2-1: Foul Ball, location: 2F
2-2: Strikes out looking
Top of the 6th over - 3 run(s), 2 hit(s), 0 error(s), 0 left on base; Las Vegas 5 - Santa Monica 1
BOTTOM OF THE 6TH
Santa Monica Bruins batting - Pitching for Las Vegas Stars : RHP Dema Mitenkov
Batting: LHB Francisco Medina 0-0: Called Strike
0-1: Ground out U3 (Groundball, 3)
Batting: LHB Morgan Wright 0-0: Ball
1-0: Ball
2-0: Called Strike
2-1: Ball
3-1: Foul Ball, location: 2F
3-2: Base on Balls
Pitching: RHP Terry Adams
Batting: RHB Phil White 0-0: Ball
1-0: Ball
2-0: Fly out, F6 (Line Drive, 6M)
Batting: RHB Salvador Salas 0-0: Foul Ball, location: 2F
0-1: Ball
1-1: 2-RUN HOME RUN (Line Drive, 7D), Distance : 344 ft
Batting: RHB Johnny Williams 0-0: Ball
1-0: DOUBLE (Line Drive, 8RXD)
Batting: SHB Adrián Nieto 0-0: Ground out 4-3 (Groundball, 4)
Bottom of the 6th over - 2 run(s), 2 hit(s), 0 error(s), 1 left on base; Las Vegas 5 - Santa Monica 3
TOP OF THE 7TH
Las Vegas Stars batting - Pitching for Santa Monica Bruins : RHP Carlos Rangel
Batting: SHB Sloan James 0-0: Foul Ball, location: 2F
0-1: Called Strike
0-2: SOLO HOME RUN (Flyball, 9LD), Distance : 342 ft
Batting: RHB Tom Howe 0-0: SOLO HOME RUN (Line Drive, 7LD), Distance : 348 ft
Pitching: RHP Juan González
Batting: RHB Kyle Bacon 0-0: Ball
1-0: Ball
2-0: Called Strike
2-1: Swinging Strike
2-2: Foul Ball, location: 2F
2-2: Strikes out looking
Batting: RHB Brian George 0-0: Ball
1-0: Ball
2-0: Foul Ball, location: 2F
2-1: Foul Ball, location: 2F
2-2: Foul Ball, location: 2F
2-2: Strikes out swinging
Batting: SHB Júlio Salazar 0-0: Ball
1-0: Called Strike
1-1: Fly out, F3 (Popup, 3)
Top of the 7th over - 2 run(s), 2 hit(s), 0 error(s), 0 left on base; Las Vegas 7 - Santa Monica 3
BOTTOM OF THE 7TH
Santa Monica Bruins batting - Pitching for Las Vegas Stars : RHP Terry Adams
Batting: RHB Shizue Chouda 0-0: Called Strike
0-1: Ball
1-1: Foul Ball, location: 2F
1-2: Fly out, F8 (Flyball, 8LD)
Batting: LHB Ramiro Martínez 0-0: Called Strike
0-1: Ball
1-1: Ball
2-1: SINGLE (Groundball, 34D)
Batting: RHB Bonifacio Torres 0-0: Fly out, F9 (Flyball, 9S)
Batting: LHB Francisco Medina 0-0: Called Strike
0-1: Swinging Strike
0-2: Strikes out swinging
Bottom of the 7th over - 0 run(s), 1 hit(s), 0 error(s), 1 left on base; Las Vegas 7 - Santa Monica 3
TOP OF THE 8TH
Las Vegas Stars batting - Pitching for Santa Monica Bruins : RHP Juan González
Batting: LHB Diego Torres 0-0: Ball
1-0: Swinging Strike
1-1: Ball
2-1: Ball
3-1: Foul Ball, location: 2F
3-2: Strikes out swinging
Batting: LHB Paco Rivera 0-0: Called Strike
0-1: Ball
1-1: Ball
2-1: Foul Ball, location: 2F
2-2: Ground out 4-3 (Groundball, 4S)
Batting: RHB Ryan McBride 0-0: SINGLE (Groundball, 4MD)
Batting: SHB Héctor Barajas 0-0: Called Strike
0-1: Ball
1-1: Ground out 2-3 (Groundball, 2L)
Top of the 8th over - 0 run(s), 1 hit(s), 0 error(s), 1 left on base; Las Vegas 7 - Santa Monica 3
BOTTOM OF THE 8TH
Santa Monica Bruins batting - Pitching for Las Vegas Stars : RHP Terry Adams
Batting: LHB Morgan Wright 0-0: Called Strike
0-1: Ball
1-1: Called Strike
1-2: Foul Ball, location: 2F
1-2: Ball
2-2: SINGLE (Groundball, 6) (infield hit)
Batting: RHB Phil White 0-0: Called Strike
0-1: Called Strike
0-2: Ball
Passed Ball!
Morgan Wright to second
1-2: Strikes out swinging
Batting: RHB Salvador Salas 0-0: Ball
1-0: Ball
2-0: Swinging Strike
2-1: SINGLE (Groundball, 34D)
Morgan Wright to third
Batting: RHB Johnny Williams 0-0: Ball
1-0: Foul Ball, location: 2F
1-1: Grounds into double play, 6-4-3 (Groundball, 6)
Bottom of the 8th over - 0 run(s), 2 hit(s), 0 error(s), 1 left on base; Las Vegas 7 - Santa Monica 3
TOP OF THE 9TH
Las Vegas Stars batting - Pitching for Santa Monica Bruins : RHP Juan González
Batting: SHB Sloan James 0-0: Ball
1-0: Ball
2-0: Called Strike
2-1: SINGLE (Groundball, 56D)
Batting: RHB Tom Howe 0-0: Called Strike
0-1: Ball
1-1: Ball
2-1: Fly out, F8 (Flyball, 8LM)
Batting: RHB Kyle Bacon 0-0: Swinging Strike
0-1: Foul Ball, location: 2F
0-2: Ball
1-2: Strikes out swinging
Batting: RHB Brian George 0-0: Called Strike
0-1: Foul Ball, location: 2F
0-2: Ball
1-2: Ball
2-2: Foul Ball, location: 2F
2-2: Ball
3-2: Ground out 6-3 (Groundball, 6)
Top of the 9th over - 0 run(s), 1 hit(s), 0 error(s), 1 left on base; Las Vegas 7 - Santa Monica 3
BOTTOM OF THE 9TH
Santa Monica Bruins batting - Pitching for Las Vegas Stars : RHP Terry Adams
Batting: SHB Adrián Nieto 0-0: Foul Ball, location: 2F
0-1: Foul Ball, location: 2F
0-2: Foul Ball, location: 2F
0-2: Ball
1-2: Foul Ball, location: 2F
1-2: Ball
2-2: Reached on error, E4 (Groundball, 4)
Batting: RHB Shizue Chouda 0-0: Called Strike
0-1: Called Strike
0-2: Ball
1-2: Foul Ball, location: 2F
1-2: Strikes out swinging
Pitching: RHP Andrés Macías
Batting: LHB Ramiro Martínez 0-0: Called Strike
0-1: Ball
1-1: Ball
2-1: Foul Ball, location: 2F
2-2: Ball
3-2: Base on Balls
Pitching: LHP Pedro Veláquez
Batting: RHB Bonifacio Torres 0-0: Ball
1-0: Ball
2-0: Fly out, F3 (Popup, 34)
Batting: LHB Francisco Medina 0-0: Called Strike
0-1: Ball
1-1: Swinging Strike
1-2: Foul Ball, location: 2F
1-2: Foul Ball, location: 2F
1-2: Fielders Choice at 2nd, 4-6 (Groundball, 4)
Bottom of the 9th over - 0 run(s), 0 hit(s), 1 error(s), 1 left on base; Las Vegas 7 - Santa Monica 3
Thursday, March 30th, 2017 - OOTP Baseball 17.12 Build 75